Map: Ruins of Seras

Players

oxak

  • Race: Terran Terran
  • League: Grandmaster

zenasprime - Winner!

  • Race: Protoss Protoss
  • League: Bronze

VOD

Have the link to the VOD?

Description

Protoss cheeses out a win from the crying eyes of Terran. When behind, Dark Shrine they say. Good thing the Dark Shrine was already built.

Time

  • Played on: Oct. 11, 2015, 12:29 p.m.
  • Length: 17:39
Show
View Real Time Build Order
Export as new Build Order

oxak Terran 

Build Orders: MMM Bio 

Get SALT Encoding   

  12  0:01  SCV  
  13  0:14  SCV  
  13  0:20  Supply Depot  
  14  0:27  SCV  
  15  0:33  Refinery  
  15  0:45  SCV, Barracks  
  16  0:58  SCV  
  17  1:05  Refinery  
  17  1:10  SCV  
  18  1:15  Supply Depot  
  18  1:22  SCV  
  19  1:34  Orbital Command  
  19  1:41  Barracks  
  19  1:46  Marine  
  20  2:08  Supply Depot  
  20  2:09  Barracks Reactor  
  20  2:13  SCV  
  21  2:31  Barracks Tech Lab  
  21  2:37  Bunker  
  21  2:45  Barracks  
  21  2:55  SCV  
  22  3:01  Stimpack  
  22  3:07  SCV  
  23  3:16  Supply Depot  
  23  3:44  Factory  
  23  3:45  Engineering Bay  
  23  3:48  Barracks Reactor  
  23  4:14  Terran Infantry Weapons Level 1  
  23  4:17  Command Center  
  23  4:29  Barracks  
  23  4:33  Starport  
  23  4:51  Marine x2  
  25  4:54  Marine x2  
  25  4:56  Marauder  
  29  5:02  Concussive Shells  
  29  5:15  Starport Reactor  
  29  5:18  Marauder  
  29  5:21  Supply Depot  
  31  5:31  Armory  
  31  5:44  Supply Depot, Combat Shields  
  31  5:47  Barracks Reactor  
  31  6:01  Medivac x2  
  35  6:07  Supply Depot, Orbital Command  
  35  6:09  Terran Infantry Armor Level 1  
  35  6:14  Marine x2  
  35  6:16  Marauder  
  39  6:20  Marine x2  
  41  6:36  Supply Depot  
  41  6:37  Marauder  
  41  6:38  Supply Depot  
  43  6:51  Marine x2  
  43  6:52  Marine x2  
  43  6:53  Marine  
  43  6:54  Marine  
  49  6:59  Supply Depot, Marauder  
  51  7:02  Supply Depot  
  51  7:04  Medivac  
  53  7:11  Medivac  
  55  7:20  Marine x2  
  57  7:22  Marine  
  57  7:23  Marine x3  
  61  7:41  Marine x2  
  63  7:52  Orbital Command  
  63  7:59  Marine  
  63  8:02  Terran Infantry Weapons Level 2  
  63  8:03  Medivac x2  
  68  8:13  Marine x2  
  68  8:14  Marine x2  
  68  8:15  Marine  
  68  8:17  Marine  
  74  8:23  Marauder  
  76  8:31  Marine x2  
  76  8:33  Marine  
  79  8:34  Marine  
  80  8:44  Marauder  
  82  8:51  Marine  
  82  8:52  Marine  
  78  8:57  Refinery  
  74  9:06  Marauder  
  73  9:45  Marine  
  73  9:46  Marine  
  73  9:49  Marine x2, Marauder  
  73  9:51  Marine x2  
  81  9:58  Supply Depot  
  81  10:03  Marine x2  
  83  10:07  Marine x2  
  83  10:08  Marine  
  83  10:09  Marine  
  83  10:10  Marauder  
  89  10:21  Supply Depot, Marine x2  
  89  10:25  Marine  
  92  10:31  Marauder  
  94  10:45  Supply Depot  
  94  10:53  Marauder  
  96  11:07  Supply Depot  
  68  11:31  Supply Depot  
  64  12:06  Marine x2  
  67  12:10  Marine  
  64  12:24  Marine x2  
  64  12:28  Marine  
  56  12:41  Marine  
  56  12:42  Marine  
  46  12:59  Marine x2  
  46  13:02  Marine x2  
  46  13:04  Marine x2  
  52  13:07  Marauder  
  54  13:20  Marine x2  
  54  13:22  Marine x2  
  54  13:26  Starport Tech Lab  
  58  13:28  Marauder  
  56  13:38  Marine x2  
  56  13:39  Marine  
  56  13:40  Marine  
  57  13:49  Marauder  
  54  13:55  Marine  
  54  13:56  Marine  
  54  13:57  Marine x2  
  55  14:11  Marauder  
  30  15:04  Raven  
Show
View Real Time Build Order
Export as new Build Order

zenasprime Protoss - Winner!

Build Orders: 1 Gate Expand 

Get SALT Encoding   

  12  0:02  Probe (Chrono Boost)  
  13  0:13  Probe (Chrono Boost)  
  14  0:18  Pylon  
  14  0:23  Probe (Chrono Boost)  
  15  0:37  Probe (Chrono Boost)  
  16  0:44  Gateway  
  16  0:47  Probe (Chrono Boost)  
  17  0:58  Probe (Chrono Boost)  
  17  1:03  Assimilator  
  18  1:08  Probe (Chrono Boost)  
  19  1:28  Probe (Chrono Boost)  
  19  1:29  Nexus  
  20  1:41  Probe (Chrono Boost)  
  22  1:54  Probe (Chrono Boost)  
  22  2:01  Pylon  
  22  2:05  Probe (Chrono Boost)  
  23  2:19  Probe (Chrono Boost), Zealot  
  26  2:27  Gateway  
  26  2:30  Cybernetics Core  
  26  2:36  Forge  
  26  2:39  Probe (Chrono Boost)  
  26  2:40  Pylon  
  26  2:43  Probe (Chrono Boost)  
  28  2:48  Pylon  
  28  2:58  Probe x2 (Chrono Boost)  
  30  3:15  Assimilator  
  30  3:16  Probe (Chrono Boost)  
  30  3:17  Probe (Chrono Boost)  
  32  3:20  Assimilator  
  32  3:21  Assimilator  
  32  3:27  Photon Cannon  
  32  3:31  Probe x2 (Chrono Boost)  
  32  3:32  Photon Cannon x2  
  34  3:39  Adept  
  38  3:41  Adept  
  38  3:43  Probe (Chrono Boost)  
  38  3:45  Probe (Chrono Boost)  
  40  3:52  Warp Gate (Chrono Boost)  
  40  3:53  Probe  
  41  3:55  Probe  
  42  4:04  Probe  
  42  4:07  Probe  
  44  4:14  Probe  
  45  4:19  Adept, Pylon  
  45  4:20  Probe  
  45  4:22  Pylon  
  48  4:25  Probe  
  49  4:32  Probe  
  49  4:34  Pylon  
  49  4:35  Probe  
  51  4:39  Pylon  
  51  4:42  Pylon  
  51  4:44  Probe  
  52  4:49  Sentry  
  52  4:50  Stalker  
  56  5:06  Probe  
  56  5:08  Probe, Gateway  
  56  5:09  Gateway  
  56  5:13  Pylon  
  58  5:27  Pylon  
  58  5:30  Probe  
  58  5:32  Probe  
  58  5:33  Robotics Facility  
  60  5:37  Pylon  
  60  5:41  Probe  
  61  5:44  Probe  
  60  6:03  Probe  
  60  6:04  Probe  
  60  6:05  Protoss Ground Weapons Level 1  
  62  6:13  Probe  
  62  6:17  Probe  
  64  6:21  Twilight Council  
  64  6:23  Observer  
  65  6:27  Stalker  
  65  6:28  Stalker x3  
  73  6:48  Probe  
  73  6:50  Probe, Nexus  
  73  6:51  Pylon  
  73  6:53  Immortal  
  79  6:57  Pylon  
  79  7:06  Probe, Pylon  
  79  7:07  Probe, Charge (Chrono Boost)  
  81  7:10  Nexus  
  81  7:18  Probe  
  81  7:19  Probe  
  83  7:25  Pylon  
  83  7:29  Pylon  
  83  7:31  Probe x2  
  83  7:36  Zealot x4  
  93  7:43  Mothership Core  
  95  7:44  Pylon  
  95  7:47  Pylon  
  95  8:02  Pylon  
  95  8:06  Immortal  
  95  8:07  Zealot x2  
  95  8:08  Zealot x2  
  107  8:14  Probe  
  107  8:16  Probe x2  
  110  8:33  Stalker  
  110  8:34  Stalker  
  114  8:36  Sentry x2  
  104  9:01  Zealot x2  
  104  9:02  Zealot x2  
  88  9:23  Zealot x4  
  92  9:42  Immortal  
  96  9:57  Robotics Bay  
  96  10:00  Dark Shrine  
  96  10:02  Zealot x2  
  96  10:03  Zealot x2  
  104  10:12  Probe x2  
  104  10:13  Probe x2  
  108  10:25  Probe  
  109  10:30  Probe  
  110  10:38  Photon Cannon  
  110  10:39  Photon Cannon  
  110  10:40  Probe, Photon Cannon  
  111  10:44  Photon Cannon  
  111  10:47  Photon Cannon  
  111  10:49  Photon Cannon  
  111  10:51  Probe  
  111  10:54  Gateway  
  111  10:55  Gateway  
  110  11:02  Probe  
  111  11:04  Zealot x4  
  103  11:12  Probe  
  94  11:29  Zealot x3  
  70  12:00  Dark Templar  
  70  12:07  Dark Templar  
  71  12:14  Dark Templar  
  62  12:47  Dark Templar x3  
  64  13:05  Pylon  
  64  13:14  Pylon  
  64  13:28  Observer Gravitic Boosters (Chrono Boost)  
  64  13:30  Nexus  
  64  13:32  Pylon  
  51  13:37  Pylon  
  51  13:41  Pylon  
  51  13:47  Zealot  
  51  13:48  Zealot x2  
  47  14:08  Dark Templar x4  
  46  14:43  Dark Templar  
  46  14:44  Dark Templar x4  
  46  15:14  Probe  
  46  15:15  Probe  
  46  15:16  Probe  
  49  15:23  Zealot x5  
  49  15:25  Probe x2  
  49  15:28  Probe  
  62  16:09  Pylon  
  62  16:27  Stalker  
  62  16:28  Stalker x4  
  62  16:37  Assimilator  
  62  16:38  Assimilator  
  62  16:42  Assimilator  
  62  16:43  Assimilator  
  62  17:05  Pylon  
  62  17:07  Gateway  
Tags
 
Add a new tag
Caveats
  • Supply blocks, unpowered buildings, or Contaminate may cause inaccurate times.
  • Supply counts are checked every 10 seconds.